AoeStats
← Shields10

Arabian Desert

510181226Analyzed
1v1 RM · 1d ago on Sep 29, 2026· 23m 46s· 2 players
Game mode
Random Map
Map size
Tiny (2 player)
Population
200
Speed
Normal
Resources
Standard
Victory
Conquest
Starting age
Dark Age
Ending age
Imperial Age
RankedLock teamsTeams togetherTeam positionsShared explorationLock speedFull tech treeHidden civsTurbo modeCheats
Victory
Defeat
🇦🇺 Romans · Australia
1015
+15
🇦🇺 Byzantines · Australia
1004
-15
Swashbuckler
9:38 Loom
12:01 Feudal Age
21:41 Fletching
23:37 Double-Bit Axe
Shields10
7:12 Loom
9:28 Feudal Age
11:35 Man-at-Arms
12:26 Scale Mail Armor
14:00 Town Watch
22:09 Castle Age
21:15 Forging
22:35 Long Swordsman
Connection lost

Rejoining the realm…

Still unreachable

The connection could not be restored.

Session expired

The server has moved on; the page needs a fresh start.